Map: Blackpink LE

Players

GrumpymonkaS

  • Race: Terran Terran
  • Spawn Location: 1:00

ScorpionK - Winner!

  • Race: Terran Terran
  • League: Gold
  • Spawn Location: 7:00

VOD

Have the link to the VOD?

Description

Time

  • Played on: Nov. 22, 2017, 4:32 p.m.
  • Length: 13:21
Show
View Real Time Build Order
Export as new Build Order

GrumpymonkaS Terran 

Build Orders:  

Get SALT Encoding   

  12  0:02  SCV  
  14  0:14  SCV  
  14  0:20  Supply Depot  
  14  0:26  SCV  
  15  0:30  Refinery  
  15  0:42  SCV  
  16  0:48  Barracks  
  16  0:55  SCV  
  17  1:07  SCV  
  18  1:19  SCV  
  19  1:31  SCV  
  20  1:43  SCV  
  21  1:47  Barracks Reactor  
  21  1:53  Command Center  
  21  1:57  Orbital Command  
  21  2:05  Supply Depot  
  21  2:17  Refinery  
  21  2:27  Reaper x2  
  23  2:34  SCV  
  24  2:46  SCV, Bunker  
  24  2:58  SCV  
  25  3:10  SCV  
  25  3:21  Marine x2  
  25  3:23  SCV  
  28  3:28  SCV  
  28  3:29  Supply Depot  
  29  3:35  SCV  
  29  3:38  Marine  
  29  3:39  Marine  
  29  3:40  SCV  
  31  3:42  Factory  
  31  3:47  SCV  
  32  3:52  SCV  
  33  3:56  Marine x2  
  33  3:58  Supply Depot  
  35  4:05  SCV  
  36  4:14  Marine x2  
  36  4:17  SCV  
  39  4:26  Barracks  
  39  4:29  SCV, Factory Tech Lab  
  40  4:32  Marine x2, Starport  
  42  4:41  SCV  
  43  4:48  Siege Tank  
  43  4:50  Marine x2  
  48  4:53  SCV  
  49  5:05  Refinery, SCV  
  49  5:06  Supply Depot  
  50  5:07  Marine  
  50  5:13  Starport Tech Lab  
  51  5:15  Engineering Bay  
  51  5:17  SCV  
  51  5:18  Barracks Tech Lab  
  52  5:27  Siege Tank  
  55  5:30  Refinery  
  55  5:36  Orbital Command  
  55  5:42  Marine x2  
  55  5:47  Terran Infantry Weapons Level 1  
  57  6:00  Marine x2, Siege Tank  
  62  6:27  Command Center  
  62  6:38  Supply Depot  
  62  6:43  Combat Shields  
  62  7:00  Marine x2, Siege Tank, SCV, Medivac  
  70  7:02  Supply Depot  
  70  7:24  Marine x3, SCV x2  
  70  7:26  Supply Depot  
  75  7:30  Medivac  
  75  7:36  SCV  
  78  7:38  SCV, Siege Tank  
  78  7:41  Marine x2, Terran Infantry Armor Level 1  
  78  7:43  Liberator  
  72  7:59  Marine  
  69  8:08  SCV  
  69  8:10  Siege Tank  
  73  8:17  Marine  
  73  8:18  Bunker  
  74  8:20  SCV  
  74  8:25  Liberator  
  75  8:27  Marine x2  
  75  8:32  SCV  
  78  8:35  Marine  
  79  8:43  Siege Tank  
  79  8:44  SCV, Marine  
  79  8:45  Marine  
  88  8:53  Marine  
  89  8:55  Supply Depot  
  89  8:56  SCV  
  89  9:02  Marine x2  
  90  9:08  SCV, Liberator  
  93  9:11  Marine  
  93  9:13  Engineering Bay  
  93  9:14  Stimpack  
  94  9:19  Supply Depot  
  94  9:20  Marine x2  
  99  9:24  Siege Tank  
  99  9:28  Marine  
  103  9:33  Refinery  
  103  9:37  Refinery  
  103  9:38  Marine  
  103  9:42  SCV, Supply Depot  
  105  9:46  Marine  
  105  9:51  Liberator  
  106  9:55  SCV  
  106  9:56  Siege Tank  
  110  10:04  Marine, Armory  
  102  10:22  Marine  
  94  10:40  Marine  
  93  10:49  Marine x2  
  70  10:57  Marine  
  70  11:03  SCV  
  72  11:07  Marine x2  
  74  11:15  SCV, Marine  
  76  11:24  Marine x2  
  78  11:27  SCV  
  78  11:31  Supply Depot  
  79  11:37  Engineering Bay  
  79  11:39  SCV  
  81  11:42  Marine x2  
  83  11:51  SCV  
  83  11:54  Supply Depot  
  83  12:00  Marine x2  
  85  12:01  Barracks  
  85  12:03  SCV  
  86  12:15  SCV  
  86  12:18  Marine  
  88  12:42  Marine  
  88  12:43  Marine  
  85  13:00  Marine  
  85  13:01  Marine  
Show
View Real Time Build Order
Export as new Build Order

ScorpionK Terran - Winner!

Build Orders: MMM Bio 

Get SALT Encoding   

  12  0:03  SCV  
  13  0:15  SCV  
  14  0:22  Supply Depot  
  14  0:27  SCV  
  15  0:44  SCV  
  15  0:45  Barracks  
  16  0:50  Refinery  
  16  0:56  SCV  
  17  1:09  SCV  
  18  1:21  SCV  
  19  1:32  Supply Depot  
  19  1:33  Marine  
  19  1:34  Orbital Command  
  20  1:48  Barracks  
  20  2:03  Barracks Reactor, SCV  
  21  2:12  Supply Depot  
  21  2:20  Factory  
  21  2:21  SCV  
  22  2:24  Refinery  
  22  2:34  SCV  
  23  2:43  Marine x2  
  25  2:46  SCV  
  25  2:48  Barracks Tech Lab  
  25  3:07  Marine x2  
  27  3:18  SCV  
  28  3:22  Marine  
  28  3:25  Marine  
  30  3:31  SCV  
  31  3:37  Marine  
  31  3:40  Marine  
  32  3:42  Siege Tank  
  32  3:43  SCV  
  36  3:49  Barracks  
  36  3:55  SCV  
  37  4:07  SCV  
  37  4:08  Command Center  
  37  4:09  Bunker  
  38  4:12  Barracks Reactor  
  38  4:15  Barracks Tech Lab  
  38  4:21  Marine  
  39  4:26  Supply Depot  
  39  4:27  Engineering Bay  
  39  4:38  SCV, Marine  
  39  4:47  Marine x2  
  41  4:54  Supply Depot  
  41  4:55  SCV  
  41  4:56  Siege Tank  
  41  4:59  Stimpack  
  45  5:07  Supply Depot  
  45  5:09  SCV, Supply Depot  
  45  5:11  Missile Turret  
  46  5:18  Marine x2, Missile Turret  
  46  5:19  Marine  
  46  5:21  Barracks Reactor  
  49  5:33  Orbital Command  
  48  5:36  Marine x2  
  48  5:43  Siege Tank  
  48  5:49  Bunker  
  49  6:08  Marine  
  49  6:09  Marine  
  51  6:14  Marine x3  
  51  6:15  Siege Tank  
  57  6:28  Starport  
  57  6:32  Supply Depot  
  57  6:34  Supply Depot  
  57  6:37  Marine x2  
  59  6:40  Missile Turret  
  59  6:46  Terran Infantry Weapons Level 1  
  59  6:49  Marine  
  59  6:50  Marine x2  
  62  7:04  SCV x2  
  62  7:06  Combat Shields  
  63  7:20  Starport Reactor  
  63  7:26  Refinery  
  63  7:28  SCV  
  63  7:30  Refinery  
  62  7:43  Marine x2  
  59  8:05  Marine x3  
  59  8:06  Marine  
  59  8:11  Medivac x2  
  67  8:13  Marine  
  67  8:19  SCV x2  
  70  8:23  Marine  
  71  8:30  Marine x3  
  71  8:31  Marine, SCV  
  71  8:34  Armory  
  76  8:36  Command Center, SCV  
  76  8:37  Siege Tank  
  76  8:41  Marine  
  80  8:46  Medivac x2  
  86  9:02  SCV  
  86  9:03  SCV, Marine x4  
  86  9:09  Siege Tank  
  94  9:11  Marine  
  94  9:16  Terran Infantry Armor Level 1  
  95  9:21  Marine  
  96  9:34  Marine x4  
  100  9:42  Terran Vehicle Weapons Level 1  
  100  9:50  SCV, Factory  
  101  9:53  Marine x3  
  101  9:57  Missile Turret  
  104  10:04  Orbital Command  
  104  10:05  SCV x2  
  104  10:06  Marine  
  107  10:07  Marine  
  107  10:09  Supply Depot  
  107  10:11  Marine x3  
  104  10:46  Marine x4  
  92  11:03  Marine  
  90  11:04  Marine x2  
  92  11:11  SCV x2  
  92  11:13  Siege Tank  
  97  11:22  Marine x2  
  97  11:23  Marine x2  
  97  11:24  Liberator  
  97  11:25  Factory Tech Lab, Liberator  
  101  11:38  Refinery x2, Barracks  
  101  11:40  Barracks  
  107  11:57  Marine x4  
  111  12:15  Marine x3  
  114  12:16  Marine x2  
  114  12:19  SCV  
  117  12:29  Command Center  
  117  12:31  Marine x2  
  117  12:33  Marine x3  
  122  12:39  SCV x2  
  122  12:40  Marine  
  125  12:45  Supply Depot  
  125  12:47  Supply Depot  
  125  12:52  Supply Depot  
Tags
 
Composition
MMM Bio
League
Gold
Matchup
TvT
Race
Terran
Spawn Locations
Cross Positions
Add a new tag
Caveats
  • Supply blocks, unpowered buildings, or Contaminate may cause inaccurate times.
  • Supply counts are checked every 10 seconds.